Map: Disco Bloodbath LE

Players

Dennery - Winner!

  • Race: Terran Terran
  • League: Master
  • Spawn Location: 9:00

Mez

  • Race: Terran Terran
  • League: Master
  • Spawn Location: 3:00

VOD

Have the link to the VOD?

Description

Time

  • Played on: Aug. 21, 2019, 9:33 p.m.
  • Length: 4:03
Show
View Real Time Build Order
Export as new Build Order

Dennery Terran - Winner!

Build Orders:  

Get SALT Encoding   

  12  0:00  SCV  
  13  0:12  SCV  
  14  0:17  Supply Depot  
  14  0:24  SCV  
  15  0:38  SCV  
  15  0:39  Barracks  
  16  0:44  Refinery  
  16  0:50  SCV  
  17  1:02  SCV  
  18  1:13  Barracks  
  18  1:15  SCV  
  19  1:22  Refinery  
  19  1:29  Reaper  
  20  1:34  Barracks  
  20  1:39  SCV  
  21  1:48  Supply Depot  
  22  2:00  Reaper  
  23  2:04  Reaper  
  23  2:09  Orbital Command  
  23  2:24  Reaper  
  24  2:32  Reaper  
  25  2:37  SCV  
  25  2:39  Reaper  
  27  2:56  Reaper  
  28  3:21  Reaper x2  
  30  3:27  Command Center  
  30  3:28  Reaper  
  29  3:50  SCV  
Show
View Real Time Build Order
Export as new Build Order

Mez Terran 

Build Orders: Cyclone Opening, Gas First Reaper Expand 

Get SALT Encoding   

  12  0:00  SCV  
  13  0:13  SCV  
  14  0:18  Supply Depot  
  14  0:25  SCV  
  14  0:28  Refinery  
  15  0:40  SCV  
  16  0:44  Barracks  
  16  0:52  SCV  
  17  1:04  SCV  
  18  1:16  SCV  
  19  1:31  Orbital Command  
  19  1:32  Reaper  
  20  1:43  Command Center  
  20  1:53  Factory  
  20  1:58  SCV  
  21  2:06  Barracks Reactor  
  21  2:08  Supply Depot  
  21  2:11  SCV  
  22  2:18  Refinery  
  22  2:25  SCV  
  23  2:37  SCV  
  23  2:39  Factory Tech Lab  
  23  2:43  Marine  
  23  2:44  Marine  
  26  2:49  SCV  
  27  2:59  Cyclone  
  28  3:06  Marine x2  
  29  3:15  SCV x2  
  18  3:27  SCV x2  
  18  3:30  Marine x2  
  15  3:44  SCV  
Tags
 
Add a new tag
Caveats
  • Supply blocks, unpowered buildings, or Contaminate may cause inaccurate times.
  • Supply counts are checked every 10 seconds.